cohdb
Replays
Latest Replays
All Replays
Popular Replays
Top Player Replays
Match Explorer
How It Works
Community
CoH3 Stats
Reddit
Sign in to upload your games and track your stats! →
Sign in with Steam
Match 41204349
Unlisted
Match 41204349
Overview
Messages
Build Orders
End
Construct Infanterie Kompanie
MG 42 Machine Gun Team
Grenadier Squad
Selects Terror Battlegroup
Selects Machine Gun Camouflage
Grenadier Squad
Medical Station
Forward Retreat Point
Construct Luftwaffe Kompanie
Medical Bunker
Jäger Squad
Jäger Squad
Construct Panzergrenadier Kompanie
Support Elements
Selects No Quarter
Pak 40 Anti-tank Gun Team
Wirbelwind Flakpanzer
Jäger Squad
Pioneer Squad
Nebelwerfer 42 Rocket Launcher Team
Construct Panzer Kompanie
Grenadier Squad
Pioneer Squad
DKowal
无火的余灰(っ◞‸◟c)
Trojan
sergio
ManFrau
LOLwhat2
0
0
Comments
sign in to comment!
No comments posted yet!